[Event "Team 45 45 League T98"]
[Site "Internet Chess Club"]
[Date "2023.12.07"]
[Round "4"]
[White "garytd"]
[Black "Gilguli"]
[Result "0-1"]
[WhiteElo "1436"]
[BlackElo "1457"]
[Opening "Ruy Lopez: Cozio defense, Paulsen variation"]
[ECO "C60"]
[Time "16:02:19"]
[PlyCount "66"]
[TimeControl "2700+45"]

1. e4 e5 2. Nf3 Nc6 3. Bb5 Nge7 4. Nc3 g6 5. O-O Bg7 6. d3 d6 7. Nd5 O-O 8. Bg5
h6 9. Bh4 g5 10. Bg3 f5 11. Nxe7+ Nxe7 12. Bc4+ d5 13. Bxd5+ Nxd5 14. exf5 Nf4
15. Re1 Re8 16. h4 g4 17. Nh2 Bxf5 18. Nxg4 Qd5 19. Ne3 Qf7 20. Nxf5 Qxf5 21.
Re4 Nh5 22. Bh2 Nf6 23. Re3 Rad8 24. Qe2 Nd5 25. Rf3 Qe6 26. Rd1 h5 27. Qe4 Nf6
28. Qa4 e4 29. Re3 Bh6 30. Ree1 Ng4 31. Rxe4 Qxe4 32. Qxe4 Rxe4 33. f3 Ne3
{White resigns} 0-1

[Event "Team 45 45 League T98"]
[Site "Internet Chess Club"]
[Date "2023.12.09"]
[Round "4"]
[White "Toalla"]
[Black "DaveTheRook"]
[Result "0-1"]
[WhiteElo "1087"]
[BlackElo "1466"]
[Opening "English, 1...Nf6 (Anglo-Indian defense)"]
[ECO "A15"]
[Time "15:34:35"]
[PlyCount "100"]
[TimeControl "2700+45"]

1. c4 Nf6 2. g3 e5 3. Bg2 c6 4. a3 d6 5. b4 Be7 6. Nc3 O-O 7. Bb2 Nbd7 8. d3 Rb8
9. Nf3 b5 10. Qb3 a6 11. O-O Bb7 12. e4 h6 13. Rad1 Qc7 14. Bc1 Rfe8 15. Be3 Nf8
16. Nh4 Bc8 17. Qc2 Be6 18. Nf5 Ng6 19. Nxe7+ Qxe7 20. f4 Ng4 21. Bc1 exf4 22.
Bxf4 Nxf4 23. Rxf4 Ne3 24. Qf2 Nxd1 25. Nxd1 Ra8 26. Ne3 Qa7 27. g4 bxc4 28.
Nxc4 Qxf2+ 29. Kxf2 Bxc4 30. dxc4 Re6 31. h4 Rf6 32. Rxf6 gxf6 33. Ke3 c5 34. e5
Re8 35. bxc5 dxc5 36. Kf4 fxe5+ 37. Kf5 Kg7 38. g5 a5 39. Bf3 hxg5 40. hxg5 Rh8
41. Kxe5 Rh3 42. Bc6 Rxa3 43. Kd5 Rg3 44. Kxc5 Rxg5+ 45. Kb6 Re5 46. c5 f5 47.
Kb5 a4 48. Kc4 a3 49. Kd4 Rxc5 50. Kxc5 a2 {White resigns} 0-1

[Event "Team 45 45 League T98"]
[Site "Internet Chess Club"]
[Date "2023.12.11"]
[Round "4"]
[White "Gojira"]
[Black "Lawkeito"]
[Result "1/2-1/2"]
[WhiteElo "1631"]
[BlackElo "1830"]
[Opening "Queen's pawn, Mason variation, Steinitz counter-gambit"]
[ECO "D00"]
[Time "19:06:50"]
[PlyCount "59"]
[TimeControl "2700+45"]

1. d4 d5 2. Bf4 c5 3. c3 Nc6 4. e3 Qb6 5. Qb3 c4 6. Qxb6 axb6 7. Nd2 Nf6 8. Ngf3
b5 9. Be2 Bf5 10. O-O b4 11. Ne5 e6 12. g4 Bc2 13. Rfc1 Ba4 14. b3 bxc3 15. Rxc3
Bb4 16. Rc2 Bb5 17. Nxc6 Bxd2 18. bxc4 Bxe3 19. fxe3 Bxc6 20. Be5 Ke7 21. c5 Ra3
22. Rb2 Rc8 23. Bb5 Nxg4 24. Bd6+ Kd8 25. Bxc6 bxc6 26. Rb7 Nxe3 27. Rxf7 Nf5
28. Rf8+ Kd7 29. Rf7+ Kd8 30. Rf8+ {Game drawn by mutual agreement} 1/2-1/2

[Event "Team 45 45 League T98"]
[Site "Internet Chess Club"]
[Date "2023.12.09"]
[Round "4"]
[White "Megasus"]
[Black "Rookmaster"]
[Result "1-0"]
[WhiteElo "1568"]
[BlackElo "1512"]
[Opening "Queen's pawn game"]
[ECO "A46"]
[Time "20:00:12"]
[PlyCount "99"]
[TimeControl "2700+45"]

1. Nf3 Nf6 2. d4 d6 3. Nbd2 Nbd7 4. e3 e5 5. c3 c6 6. h3 Qc7 7. Qc2 Be7 8. Bd3
h6 9. e4 g5 10. Nf1 b5 11. Ne3 Nb6 12. b3 a5 13. c4 bxc4 14. bxc4 c5 15. d5 Nh5
16. g3 Ng7 17. Nf5 Nxf5 18. exf5 f6 19. h4 g4 20. Nh2 h5 21. O-O Bd7 22. Bd2 Nc8
23. Rfb1 Kf7 24. Nf1 Na7 25. Rb2 Rab8 26. Rab1 a4 27. a3 Rxb2 28. Qxb2 Nc8 29.
Ne3 Rd8 30. Qb7 Qxb7 31. Rxb7 Ke8 32. Ba5 Bf8 33. Bxd8 Kxd8 34. Bc2 Bh6 35. Nd1
Bc1 36. Nc3 Bxa3 37. Nxa4 Ne7 38. Nb6 Bxf5 39. Bxf5 Nxf5 40. Rd7+ Ke8 41. Rh7
Bc1 42. Rxh5 Nh6 43. Nc8 Kf7 44. Nxd6+ Kg6 45. Rxh6+ Bxh6 46. Ne4 Bf8 47. d6 Kf5
48. d7 Be7 49. Nxc5 Kg6 50. Nb7 {Black resigns} 1-0

[Event "Team 45 45 League T98"]
[Site "Internet Chess Club"]
[Date "2023.12.11"]
[Round "4"]
[White "trogers41"]
[Black "fvafier"]
[Result "1-0"]
[WhiteElo "1469"]
[BlackElo "1422"]
[Opening "Ruy Lopez: modern Steinitz defense, siesta variation"]
[ECO "C74"]
[Time "13:00:19"]
[PlyCount "123"]
[TimeControl "2700+45"]

1. e4 e5 2. Nf3 Nc6 3. Bb5 a6 4. Ba4 d6 5. c3 f5 6. exf5 Bxf5 7. d4 Bd7 8. dxe5
Nxe5 9. Bxd7+ Nxd7 10. O-O Be7 11. Re1 Ngf6 12. Ng5 Ne5 13. f4 Nc6 14. Qb3 d5
15. Qxb7 Na5 16. Qb4 Nc6 17. Qa4 Qd7 18. Nd2 O-O 19. Ndf3 Bc5+ 20. Kh1 Rfe8 21.
Bd2 Ng4 22. Nd4 Bxd4 23. cxd4 h6 24. Nf3 Nf2+ 25. Kg1 Ne4 26. Rac1 Ne5 27. Qxd7
Nxd7 28. Rxc7 Ndf6 29. Bc3 Kh7 30. Ne5 Nxc3 31. Rxc3 Rab8 32. b3 Rb4 33. Rd1
Rbb8 34. Rc7 Rec8 35. Rdc1 Rxc7 36. Rxc7 Rb4 37. Nf3 Rb6 38. g3 Re6 39. Ne5 Rd6
40. Rc6 Rxc6 41. Nxc6 Kg6 42. Kg2 Kf5 43. Kf3 Ne4 44. g4+ Kf6 45. Nb4 Nc3 46.
Nxa6 Nxa2 47. b4 Nc3 48. Nc7 Ke7 49. Ke3 Kd7 50. Kd3 Nd1 51. Nxd5 Nf2+ 52. Ke2
Nxg4 53. h3 Kd6 54. hxg4 Kxd5 55. Kd3 g6 56. b5 Kd6 57. Ke4 Ke6 58. b6 Kd6 59.
f5 gxf5+ 60. Kxf5 Kc6 61. Kg6 Kxb6 62. Kxh6 {Black resigns} 1-0

[Event "Team 45 45 League T98"]
[Site "Internet Chess Club"]
[Date "2023.12.11"]
[Round "4"]
[White "Denis240964"]
[Black "BlueStorm"]
[Result "0-1"]
[WhiteElo "1278"]
[BlackElo "1608"]
[Opening "QGD Slav: 4.e3 Bf5"]
[ECO "D12"]
[Time "10:30:14"]
[PlyCount "116"]
[TimeControl "2700+45"]

1. d4 d5 2. c4 c6 3. Nf3 Nf6 4. e3 Bf5 5. Nc3 e6 6. c5 Be7 7. Be2 O-O 8. O-O
Nbd7 9. b4 b6 10. Nh4 bxc5 11. bxc5 Ne4 12. Nxf5 exf5 13. Qc2 Rb8 14. f3 Nxc3
15. Qxc3 Qc7 16. Bd2 Rb7 17. Bd3 g6 18. Ba6 Rbb8 19. Qa3 Bf6 20. Ba5 Nb6 21.
cxb6 axb6 22. Bb4 Rfe8 23. Bd6 Qa7 24. Bxb8 Rxb8 25. Qd3 b5 26. Bxb5 Rxb5 27.
Rf2 Qb6 28. Qc2 Rb4 29. Rc1 Rc4 30. Rb1 Rb4 31. Rxb4 Qxb4 32. Qb3 Qe1+ 33. Rf1
Qe2 34. a4 Kg7 35. a5 f4 36. Qc3 fxe3 37. Re1 Qc4 38. Qxc4 dxc4 39. Kf1 Bxd4 40.
Rc1 c3 41. Ke2 f5 42. f4 Kf6 43. a6 Bb6 44. Rxc3 c5 45. Kxe3 g5 46. g3 h5 47.
Rb3 c4+ 48. Kd2 cxb3 49. Kc3 b2 50. Kxb2 gxf4 51. gxf4 Ke6 52. Kb3 Kd5 53. Kb4
Ke4 54. Kb5 Be3 55. Kc6 Kxf4 56. Kb7 Kg4 57. a7 Bxa7 58. Kxa7 f4 {White resigns}
0-1

[Event "Team 45 45 League T98"]
[Site "Internet Chess Club"]
[Date "2023.12.08"]
[Round "4"]
[White "Portola"]
[Black "fhunfi"]
[Result "0-1"]
[WhiteElo "1714"]
[BlackElo "1725"]
[Opening "Queen's pawn"]
[ECO "A40"]
[Time "09:03:03"]
[PlyCount "102"]
[TimeControl "2700+45"]

1. d4 a6 2. Nf3 e6 3. c3 d5 4. Bf4 Bd6 5. Bg3 Nf6 6. e3 Ne4 7. Nbd2 Nxg3 8. hxg3
Nd7 9. e4 dxe4 10. Nxe4 Nf6 11. Nxd6+ cxd6 12. Bd3 Bd7 13. Qc2 h6 14. O-O-O Qa5
15. Kb1 O-O-O 16. Nd2 Bc6 17. Nc4 Qc7 18. f3 Bb5 19. Ne3 Bxd3 20. Qxd3 d5 21.
Rh3 Kb8 22. Nc2 Rc8 23. Na1 Rhe8 24. Nb3 e5 25. Nc5 e4 26. Qe3 Re7 27. f4 Ng4
28. Qe2 f5 29. Rhh1 Qa5 30. Rc1 Ka7 31. c4 Rxc5 32. dxc5 d4 33. Rhd1 Qxc5 34.
Qe1 a5 35. a3 a4 36. Rxd4 Qxd4 37. Qa5+ Kb8 38. Qxa4 Rd7 39. Ka2 e3 40. Qb5 Qd2
41. Qxf5 Qxc1 42. Qxd7 Qxc4+ 43. Ka1 Qc1+ 44. Ka2 Qc4+ 45. Ka1 e2 46. Qd6+ Ka7
47. Qd2 Qe6 48. Qa5+ Kb8 49. Qd8+ Qc8 50. Qd2 Qe8 51. Qe1 Nf2 {White resigns}
0-1

[Event "Team 45 45 League T98"]
[Site "Internet Chess Club"]
[Date "2023.12.10"]
[Round "4"]
[White "evan7284"]
[Black "justice02"]
[Result "1/2-1/2"]
[WhiteElo "1605"]
[BlackElo "1592"]
[Opening "Queen's pawn, Mason variation"]
[ECO "D00"]
[Time "14:30:32"]
[PlyCount "58"]
[TimeControl "2700+45"]

1. d4 d5 2. Bf4 c6 3. c3 a6 4. e3 Nd7 5. Bd3 Ngf6 6. Nd2 g6 7. Ngf3 Bg7 8. Ne5
O-O 9. Bg3 Nh5 10. f4 Nxe5 11. fxe5 Nxg3 12. hxg3 Qb6 13. Qc2 Bxe5 14. O-O-O
Bxg3 15. Rh6 Kg7 16. Rdh1 Rh8 17. Nf3 Bg4 18. Ng5 Bh5 19. Rxh7+ Rxh7 20. Nxh7
Rh8 21. Ng5 e5 22. Rf1 Rf8 23. Ne6+ fxe6 24. Rxf8 Kxf8 25. Bxg6 Bxg6 26. Qxg6
Bh4 27. Qh6+ Ke8 28. Qxh4 exd4 29. exd4 Qb5 {Game drawn by mutual agreement}
1/2-1/2

[Event "Team 45 45 League T98"]
[Site "Internet Chess Club"]
[Date "2023.12.10"]
[Round "4"]
[White "nosir"]
[Black "BrerRabbit"]
[Result "1-0"]
[WhiteElo "1409"]
[BlackElo "1326"]
[Opening "Queen's pawn, Mason variation"]
[ECO "D00"]
[Time "11:03:34"]
[PlyCount "35"]
[TimeControl "2700+45"]

1. d4 d5 2. Bf4 Nf6 3. e3 e6 4. Bd3 Bd6 5. Bxd6 Qxd6 6. Nf3 c5 7. c3 O-O 8. Nbd2
b6 9. O-O Ba6 10. Qe2 Bxd3 11. Qxd3 Nc6 12. Rfe1 Rac8 13. e4 cxd4 14. e5 Nxe5
15. Nxe5 dxc3 16. bxc3 Rc5 17. Rac1 Qc7 18. Nb3 {Black resigns} 1-0

[Event "Team 45 45 League T98"]
[Site "Internet Chess Club"]
[Date "2023.12.11"]
[Round "4"]
[White "BIRDSMAN"]
[Black "herrahuu"]
[Result "0-1"]
[WhiteElo "1355"]
[BlackElo "1456"]
[Opening "Queen's pawn game"]
[ECO "D04"]
[Time "12:04:37"]
[PlyCount "60"]
[TimeControl "2700+45"]

1. d4 d5 2. Nf3 Nf6 3. e3 c6 4. Bd3 Bg4 5. c4 dxc4 6. Bxc4 e6 7. Nc3 Bd6 8. e4
Bb4 9. e5 Ne4 10. Qd3 Bxf3 11. gxf3 Nxc3 12. bxc3 Be7 13. O-O O-O 14. Kh1 Kh8
15. Qe4 Nd7 16. Rg1 Rg8 17. Bd3 Nf8 18. Bb2 Qd5 19. c4 Qxe4 20. fxe4 Rd8 21.
Rad1 Ng6 22. Bb1 Rd7 23. d5 cxd5 24. exd5 exd5 25. cxd5 Bc5 26. Bd4 Bxd4 27.
Rxd4 Nxe5 28. Rg3 Rgd8 29. Bxh7 Kxh7 30. Rh4+ Kg8 {White resigns} 0-1

[Event "Team 45 45 League T98"]
[Site "Internet Chess Club"]
[Date "2023.12.08"]
[Round "4"]
[White "elmaestro"]
[Black "ARMAND02019"]
[Result "1-0"]
[WhiteElo "1642"]
[BlackElo "1559"]
[Opening "Grob: Fritz gambit"]
[ECO "A00"]
[Time "20:13:08"]
[PlyCount "77"]
[TimeControl "2700+45"]

1. g4 d5 2. Bg2 Bxg4 3. c4 Be6 4. Qb3 Bc8 5. cxd5 Nd7 6. Nc3 Nb6 7. Nf3 Nf6 8.
e4 e6 9. d4 Be7 10. dxe6 Bxe6 11. d5 Bd7 12. Bg5 O-O 13. O-O a5 14. Ne5 a4 15.
Qd1 Ne8 16. Bxe7 Qxe7 17. Nxd7 Qxd7 18. Qf3 Nc4 19. Qe2 Ne5 20. f4 Ng6 21. Kh1
Nh4 22. Rg1 Nxg2 23. Rxg2 Ra6 24. Rag1 Rg6 25. Qc4 Nd6 26. Qd4 Ra8 27. Qd3 b5
28. Rxg6 hxg6 29. e5 Nc4 30. b3 axb3 31. axb3 Na3 32. Qe4 Rb8 33. e6 fxe6 34.
dxe6 Qd6 35. Rxg6 Re8 36. f5 b4 37. Nd5 Kf8 38. f6 c6 39. fxg7+ {Black resigns}
1-0

[Event "Team 45 45 League T98"]
[Site "Internet Chess Club"]
[Date "2023.12.08"]
[Round "4"]
[White "Kingofknights"]
[Black "DimEyeChessGuy"]
[Result "0-1"]
[WhiteElo "1508"]
[BlackElo "1568"]
[Opening "QGD: 4.Bg5"]
[ECO "D50"]
[Time "11:30:21"]
[PlyCount "46"]
[TimeControl "2700+45"]

1. d4 d5 2. c4 e6 3. Nc3 Nf6 4. Bg5 dxc4 5. e3 c5 6. Nf3 cxd4 7. Nxd4 Be7 8.
Bxc4 O-O 9. O-O a6 10. a4 Bd7 11. Bb3 Nc6 12. Nf3 Rc8 13. Qe2 h6 14. Bh4 Qb6 15.
Bc2 g5 16. Bg3 Nb4 17. a5 Qc5 18. Bb1 Kg7 19. Ne5 Rfd8 20. Nxd7 Rxd7 21. Na4
Qxa5 22. Ra3 Nc6 23. Nc3 Bxa3 {White resigns} 0-1

[Event "Team 45 45 League T98"]
[Site "Internet Chess Club"]
[Date "2023.12.07"]
[Round "4"]
[White "oldprez1"]
[Black "Signofthetimes"]
[Result "0-1"]
[WhiteElo "1230"]
[BlackElo "1558"]
[Opening "Réti opening"]
[ECO "A04"]
[Time "21:00:11"]
[PlyCount "100"]
[TimeControl "2700+45"]

1. Nf3 c6 2. g3 d5 3. Bg2 Nf6 4. d3 Bf5 5. O-O e6 6. Nh4 Bg6 7. Nxg6 hxg6 8. Nd2
Nbd7 9. e4 Qc7 10. Nf3 O-O-O 11. Bf4 e5 12. Bg5 Nb6 13. b3 dxe4 14. Bxf6 gxf6
15. Nd2 exd3 16. c4 f5 17. Qf3 Bg7 18. Rac1 e4 19. Qf4 Qxf4 20. gxf4 Bh6 21. c5
Nd5 22. h3 Bxf4 23. Rfd1 Bxd2 24. Rxd2 Nf4 25. Kh2 g5 26. Kg3 Ne2+ 27. Rxe2 dxe2
28. Re1 Rd2 29. f3 e3 30. f4 f6 31. Bf3 Rxa2 32. Bxe2 gxf4+ 33. Kxf4 Rxh3 34.
Kxf5 Rh2 35. Bg4 e2 36. Kxf6+ Kc7 37. Ke7 b6 38. cxb6+ Kxb6 39. Be6 Rd2 40. Bc4
Kc5 41. Ke6 Rc2 42. Ke5 Rxc4 43. bxc4 Kxc4 44. Ke4 Kc3 45. Ke3 Kb2 46. Kf3 Kc2
47. Kg3 Kd2 48. Ra1 e1=Q+ 49. Rxe1 Kxe1 50. Kxh2 a5 {White resigns} 0-1

[Event "Team 45 45 League T98"]
[Site "Internet Chess Club"]
[Date "2023.12.07"]
[Round "4"]
[White "tightfist"]
[Black "Fulmar"]
[Result "1-0"]
[WhiteElo "1416"]
[BlackElo "1248"]
[Opening "Nimzovich-Larsen attack: modern variation"]
[ECO "A01"]
[Time "20:09:16"]
[PlyCount "91"]
[TimeControl "2700+45"]

1. b3 e5 2. e4 Nc6 3. Bb2 d6 4. h3 g6 5. Nf3 Bg7 6. Bb5 Ne7 7. O-O O-O 8. Re1 a6
9. Bf1 b5 10. d4 exd4 11. Nxd4 Bxd4 12. Bxd4 Nxd4 13. Qxd4 Nc6 14. Qd2 Bb7 15.
c4 b4 16. Qe3 Re8 17. Nd2 f5 18. f3 Nb8 19. Rad1 Nd7 20. Bd3 Nc5 21. Bb1 Qh4 22.
Qf2 Qxf2+ 23. Kxf2 fxe4 24. Nxe4 Nxe4+ 25. Bxe4 Bxe4 26. fxe4 Re6 27. Kf3 Rf8+
28. Ke3 Rfe8 29. Kf4 Kf7 30. Rd2 h6 31. h4 Kf6 32. g4 g5+ 33. hxg5+ hxg5+ 34.
Kf3 Rh8 35. Rd5 Re5 36. Kg3 Rhe8 37. Kf3 Kg6 38. Re2 R8e6 39. Rxe5 Rxe5 40. Rd2
Ra5 41. Ke3 Kg7 42. Kd4 Kf6 43. Rf2+ Ke6 44. Rh2 Kd7 45. Rh5 Rxa2 46. Rxg5
{Black forfeits on time} 1-0

[Event "Team 45 45 League T98"]
[Site "Internet Chess Club"]
[Date "2023.12.07"]
[Round "4"]
[White "Chess4Him"]
[Black "burlap"]
[Result "0-1"]
[WhiteElo "1481"]
[BlackElo "1396"]
[Opening "Queen's pawn: Chigorin variation"]
[ECO "D00"]
[Time "19:30:30"]
[PlyCount "92"]
[TimeControl "2700+45"]

1. d4 d5 2. Nc3 c6 3. Bf4 Nf6 4. e3 Bf5 5. f3 e6 6. g4 Bg6 7. h4 h5 8. g5 Ng8 9.
Nge2 Nd7 10. Bg3 Nb6 11. b3 Bd6 12. Nf4 Ne7 13. Bd3 Bxd3 14. Qxd3 Nf5 15. Bf2
Bxf4 16. exf4 O-O 17. O-O-O Re8 18. Ne2 Nd7 19. Ng3 Nxg3 20. Bxg3 g6 21. Rhe1
Qc7 22. Re2 Re7 23. Bh2 Qa5 24. Kb1 Rae8 25. Rde1 Qd8 26. c4 dxc4 27. Qxc4 Nb6
28. Qc5 Qd5 29. Qxd5 Nxd5 30. Kb2 Rd7 31. Re4 Nb4 32. Rd1 Nd5 33. a3 Ne7 34. Bg3
Nf5 35. Bf2 Nd6 36. Re5 Red8 37. a4 Nf5 38. d5 Rxd5 39. Rexd5 Rxd5 40. Rxd5 exd5
41. Kc3 a5 42. Kd3 Kf8 43. Kc3 Ke7 44. Kd3 Kd6 45. Ke2 c5 46. Be1 Nd4+ {White
resigns} 0-1

[Event "Team 45 45 League T98"]
[Site "Internet Chess Club"]
[Date "2023.12.08"]
[Round "4"]
[White "ChessG2011"]
[Black "blind-warrior"]
[Result "1/2-1/2"]
[WhiteElo "1371"]
[BlackElo "1210"]
[Opening "Sicilian"]
[ECO "B54"]
[Time "19:00:37"]
[PlyCount "72"]
[TimeControl "2700+45"]

1. e4 c5 2. Nf3 d6 3. d4 cxd4 4. Nxd4 Bd7 5. Nc3 Nc6 6. Be2 Nxd4 7. Qxd4 Nf6 8.
Be3 e5 9. Qd1 Be7 10. f3 O-O 11. O-O a6 12. Qd2 Qa5 13. Rab1 Rac8 14. Rfc1 b5
15. Nd1 Qxd2 16. Bxd2 Be6 17. b3 d5 18. exd5 Nxd5 19. Ne3 Bc5 20. Kf2 f5 21. c4
Nxe3 22. Bxe3 Bxe3+ 23. Kxe3 bxc4 24. Bxc4 Bxc4 25. Rxc4 Rxc4 26. bxc4 Rc8 27.
Rb6 Rxc4 28. Rxa6 Kf7 29. a4 h5 30. a5 Ra4 31. Ra8 Kg6 32. a6 Kg5 33. a7 g6 34.
g3 f4+ 35. Kf2 fxg3+ 36. Kxg3 h4+ {Game drawn by mutual agreement} 1/2-1/2

[Event "Team 45 45 League T98"]
[Site "Internet Chess Club"]
[Date "2023.12.07"]
[Round "4"]
[White "Maybeiwill"]
[Black "defythemachine"]
[Result "0-1"]
[WhiteElo "1275"]
[BlackElo "1331"]
[Opening "Queen's pawn"]
[ECO "A40"]
[Time "19:30:57"]
[PlyCount "102"]
[TimeControl "2700+45"]

1. d4 e6 2. Nc3 b6 3. Bf4 Bb7 4. e3 a6 5. Nf3 d6 6. Bd3 g6 7. e4 Bg7 8. Qd2 h6
9. O-O-O Nd7 10. h4 Ne7 11. g4 b5 12. g5 h5 13. Rhe1 Nb6 14. Qe2 Qd7 15. e5 b4
16. Ne4 Bxe4 17. Bxe4 d5 18. Bd3 a5 19. Nd2 O-O 20. Nb3 Qd8 21. Nc5 Nd7 22. Nxd7
Qxd7 23. Kb1 Rfc8 24. Be3 c5 25. dxc5 Bxe5 26. f4 Bg7 27. f5 Nxf5 28. Bxf5 exf5
29. Qd2 Rd8 30. Bd4 Bxd4 31. Qxd4 Rac8 32. Re5 Qc7 33. Rxd5 Rxd5 34. Qxd5 Qxc5
35. Qxc5 Rxc5 36. Kc1 Kg7 37. Rd4 Rc7 38. Rd5 Rc4 39. Rxa5 Rxh4 40. a3 bxa3 41.
Rxa3 Rg4 42. Kd2 Rxg5 43. b4 f4 44. Rb3 h4 45. b5 h3 46. b6 h2 47. b7 h1=Q 48.
b8=Q Qg2+ 49. Kc3 Rc5+ 50. Kb4 Qd5 51. Qxf4 Rxc2 {White resigns} 0-1

[Event "Team 45 45 League T98"]
[Site "Internet Chess Club"]
[Date "2023.12.09"]
[Round "4"]
[White "Tjet"]
[Black "ticktockman"]
[Result "1/2-1/2"]
[WhiteElo "1271"]
[BlackElo "1015"]
[Opening "Réti opening"]
[ECO "A04"]
[Time "16:00:17"]
[PlyCount "83"]
[TimeControl "2700+45"]

1. Nf3 b6 2. c4 Bb7 3. Nc3 d6 4. d4 c5 5. d5 Nd7 6. g3 Ngf6 7. Bg2 g6 8. O-O Bg7
9. e4 O-O 10. Re1 Re8 11. Rb1 Ba6 12. b3 Qb8 13. Bb2 b5 14. cxb5 Bxb5 15. Nxb5
Qxb5 16. Bf1 Qb4 17. a3 Qb6 18. e5 dxe5 19. Nxe5 Nxe5 20. Bxe5 Nd7 21. Bxg7 Kxg7
22. Bg2 Rab8 23. Qc2 Nf6 24. Qc3 Rbd8 25. Rec1 Rc8 26. Re1 e6 27. dxe6 Rxe6 28.
Rxe6 Qxe6 29. Re1 Qd6 30. Bh3 Rc7 31. Rc1 Kf8 32. Bg2 Kg8 33. b4 Nd7 34. Qe1
cxb4 35. Rxc7 Qxc7 36. axb4 Kf8 37. h4 Qe5 38. Qd2 Nb6 39. Qd8+ Qe8 40. Qd6+ Qe7
41. Qd4 f6 42. Qc3 {Game drawn by mutual agreement} 1/2-1/2

[Event "Team 45 45 League T98"]
[Site "Internet Chess Club"]
[Date "2023.12.11"]
[Round "4"]
[White "Electryon"]
[Black "Megasus"]
[Result "1/2-1/2"]
[WhiteElo "1613"]
[BlackElo "1570"]
[Opening "Sicilian: Grand Prix attack"]
[ECO "B21"]
[Time "13:02:23"]
[PlyCount "168"]
[TimeControl "2700+45"]

1. e4 c5 2. f4 Nc6 3. Nf3 a6 4. a4 e6 5. Bc4 Qc7 6. d3 d6 7. Nc3 Nf6 8. O-O h6
9. Qe1 Bd7 10. e5 dxe5 11. Nxe5 Nxe5 12. fxe5 Ng4 13. Bf4 g5 14. Bg3 h5 15. h3
Nh6 16. Ne4 Be7 17. Nf6+ Bxf6 18. exf6 Qc6 19. Qe5 Rg8 20. d4 cxd4 21. Qxd4 Rc8
22. Bd3 Qc5 23. Qxc5 Rxc5 24. Bd6 Rd5 25. Be7 Rd4 26. Ra3 Rh8 27. Rb3 Bc6 28.
Bxa6 Rd7 29. Bb5 Bxb5 30. Rxb5 Ng8 31. Bc5 Rh6 32. Be3 Rxf6 33. Rxf6 Nxf6 34.
Bxg5 Rd1+ 35. Kh2 Ne4 36. Bh6 h4 37. Bf4 Nf2 38. g3 hxg3+ 39. Kxg3 Ne4+ 40. Kh2
Rd7 41. h4 Nf6 42. Bg5 Ne4 43. Rb6 Rc7 44. c3 Nc5 45. Rd6 Nd7 46. a5 Rc5 47. a6
bxa6 48. Rxa6 Rc8 49. Ra4 f6 50. Be3 Kf7 51. Rg4 Ne5 52. Rg2 Rc4 53. Kg3 Rg4+
54. Kh3 Re4 55. Bd4 Ng6 56. Rg4 Nf4+ 57. Kg3 Nh5+ 58. Kf3 Re1 59. b4 Rb1 60. Rg2
Rb3 61. Rc2 e5 62. Bc5 Nf4 63. Ke4 Ke6 64. Kf3 Nd5 65. h5 Kf5 66. h6 Kg6 67. Bf8
Rxc3+ 68. Rxc3 Nxc3 69. Ke3 f5 70. Kd3 Nb5 71. Ke3 Nc3 72. Kd3 Nb5 73. Ke3 e4
74. Kf4 Nc3 75. Ke3 Nd5+ 76. Ke2 f4 77. Kd2 f3 78. Ke1 Nc3 79. Kf2 Nd1+ 80. Ke1
f2+ 81. Kf1 e3 82. b5 e2+ 83. Kxe2 Nc3+ 84. Kxf2 Nxb5 {Game drawn by mutual
agreement} 1/2-1/2

[Event "Team 45 45 League T98"]
[Site "Internet Chess Club"]
[Date "2023.12.08"]
[Round "4"]
[White "Ostap-Bender"]
[Black "PsyMar"]
[Result "1-0"]
[WhiteElo "1252"]
[BlackElo "1306"]
[Opening "Ruy Lopez: Schliemann defense, Berger variation"]
[ECO "C63"]
[Time "12:51:23"]
[PlyCount "129"]
[TimeControl "2700+45"]

1. e4 e5 2. Nf3 Nc6 3. Bb5 f5 4. Nc3 fxe4 5. Nxe4 Nf6 6. d3 Bc5 7. Nxc5 O-O 8.
O-O d6 9. Ne4 Nb4 10. c3 Nbd5 11. Nxf6+ Qxf6 12. Bc4 c6 13. Bxd5+ cxd5 14. Bg5
Qg6 15. Qd2 h6 16. Bxh6 Bh3 17. Qg5 Qxh6 18. Qxh6 gxh6 19. Rfe1 Bg4 20. Nh4 Rac8
21. f3 Be6 22. a3 Kh7 23. Rac1 d4 24. cxd4 Rxc1 25. Rxc1 Rf4 26. Rc7+ Kg8 27.
Ng6 Rxd4 28. Ne7+ Kf8 29. Ng6+ Kg8 30. Rc3 Kf7 31. Nxe5+ dxe5 32. Kf2 Kf6 33.
Ke3 h5 34. Rc7 Bd5 35. Rh7 h4 36. g4 Kg5 37. Rh5+ Kg6 38. Rxe5 Bxf3 39. Kxd4
Bxg4 40. Kc5 Kf6 41. d4 Bf3 42. Kd6 h3 43. Kc7 a6 44. Kb6 Bg2 45. b4 Bc6 46. Ka5
Bg2 47. a4 Bc6 48. b5 axb5 49. axb5 Bg2 50. Kb6 Bf3 51. Kc7 Bg2 52. Kd6 Bf1 53.
b6 Bg2 54. Re7 Kf5 55. d5 Kf6 56. Rxb7 Bf1 57. Rc7 Ba6 58. b7 Bxb7 59. Rxb7 Kf5
60. Ke7 Ke4 61. d6 Kf3 62. d7 Kg2 63. Rb2+ Kh1 64. d8=Q Kg1 65. Qd1# {Black
checkmated} 1-0

[Event "Team 45 45 League T98"]
[Site "Internet Chess Club"]
[Date "2023.12.09"]
[Round "4"]
[White "Dwilkes"]
[Black "stantheman59"]
[Result "0-1"]
[WhiteElo "1055"]
[BlackElo "1158"]
[Opening "QGD: Marshall defense"]
[ECO "D06"]
[Time "20:03:24"]
[PlyCount "68"]
[TimeControl "2700+45"]

1. d4 d5 2. c4 Nf6 3. Nc3 Bf5 4. Nf3 h6 5. e3 e6 6. Qb3 b6 7. Be2 Be7 8. O-O O-O
9. cxd5 exd5 10. Ne5 Be6 11. Bd2 Nbd7 12. Nc6 Qe8 13. Nxe7+ Qxe7 14. Nb5 Ne4 15.
Bb4 c5 16. dxc5 Ndxc5 17. f3 Nd2 18. Bxc5 Qxc5 19. Qc3 Nxf1 20. Bxf1 Qxc3 21.
bxc3 Rfc8 22. Rc1 Rc5 23. Nd4 Bd7 24. Nb3 Rc7 25. Ba6 Bc8 26. Bd3 Bb7 27. e4
dxe4 28. Bxe4 Bxe4 29. fxe4 Rac8 30. Nd4 Rxc3 31. Rxc3 Rxc3 32. Nb5 Rc1+ 33. Kf2
a6 34. Nd4 Ra1 {White resigns} 0-1

[Event "Team 45 45 League T98"]
[Site "Internet Chess Club"]
[Date "2023.12.10"]
[Round "4"]
[White "olivermx"]
[Black "jjmolina1"]
[Result "1-0"]
[WhiteElo "1430"]
[BlackElo "1428"]
[Opening "Queen's pawn, Mason variation"]
[ECO "D00"]
[Time "10:02:59"]
[PlyCount "89"]
[TimeControl "2700+45"]

1. d4 d5 2. Bf4 Nf6 3. e3 Nbd7 4. Nd2 c6 5. c4 e6 6. cxd5 exd5 7. Bd3 Qb6 8. Rb1
c5 9. Ngf3 c4 10. Bc2 Qa5 11. Ra1 Qb6 12. Rb1 Qa5 13. Ra1 Bb4 14. a3 Be7 15. h3
Qb6 16. Rb1 Bd6 17. Bxd6 Qxd6 18. O-O Qa6 19. Qe2 b5 20. Nh2 Bb7 21. f3 Qb6 22.
Qf2 Qc7 23. Rfe1 O-O 24. e4 g6 25. e5 Nh5 26. f4 Ng7 27. Qg3 f5 28. Re3 Ne6 29.
Ndf3 Qb6 30. Rd1 Rae8 31. Nf1 Re7 32. Re2 a5 33. Ne3 Rg7 34. Red2 b4 35. axb4
axb4 36. Ng5 b3 37. Bb1 h6 38. Nxe6 Qxe6 39. Rf1 Ra8 40. h4 h5 41. Nd1 Ra1 42.
Nc3 Bc6 43. Qf2 Nb6 44. Kh2 Na4 45. Bxf5 {Black resigns} 1-0

[Event "Team 45 45 League T98"]
[Site "Internet Chess Club"]
[Date "2023.12.09"]
[Round "4"]
[White "rjhoro"]
[Black "tightfist"]
[Result "0-1"]
[WhiteElo "1200"]
[BlackElo "1423"]
[Opening "Queen's gambit declined"]
[ECO "D30"]
[Time "19:11:30"]
[PlyCount "48"]
[TimeControl "2700+45"]

1. d4 e6 2. c4 d5 3. Nf3 dxc4 4. e4 Nf6 5. Nc3 c6 6. e5 Nd5 7. Bxc4 Be7 8. O-O
Nd7 9. a3 N7b6 10. Ba2 Bd7 11. Re1 Rc8 12. Ne4 O-O 13. Qc2 f6 14. Nd6 Bxd6 15.
exd6 Kh8 16. Re4 Qe8 17. Rh4 g6 18. Qc5 Qf7 19. Bh6 Rg8 20. Qc2 Be8 21. Re1 g5
22. Rhe4 Qg6 23. Bxg5 fxg5 24. Rxe6 Qxc2 {White resigns} 0-1